 Dungeon Crawl Stone Soup version 0.29.1-1-gd02db6906a (webtiles) character file.

Game seed: 2571785826774948069

331 Earthwalker the Covered (level 6, -1/53 HPs)
             Began as a Minotaur Fighter on Oct 13, 2022.
             Was an Initiate of Okawaru.
             Slain by a gnoll sergeant
             ... wielding a +0 spear
              (4 damage)
             ... on level 7 of the Dungeon.
             The game lasted 00:07:49 (3896 turns).

Earthwalker the Covered (Minotaur Fighter)          Turns: 3896, Time: 00:07:50

Health: -1/53      AC:  7    Str: 22    XL:     6   Next: 26%
Magic:  5/5        EV: 10    Int:  5    God:    Okawaru [......]
Gold:   174        SH:  4    Dex: 10    Spells: 5/5 levels left

rFire   . . .      SeeInvis .   a - +0 trident
rCold   . . .      Faith    .   c - +0 buckler
rNeg    . . .      Spirit   .   b - +0 scale mail
rPois   .          Reflect  .   (helmet restricted)
rElec   .          Harm     .   (no cloak)
rCorr   .          Rampage  .   (no gloves)
Will    .....                   (no boots)
Stlth   ..........              m - amulet of regeneration
HPRegen 0.97/turn               (no ring)
MPRegen 0.09/turn               (no ring)

@: studying Shields
A: horns 2, retaliatory headbutt
a: Renounce Religion


You were on level 7 of the Dungeon.
You worshipped Okawaru.
Okawaru was noncommittal.
You visited 1 branch of the dungeon, and saw 5 of its levels.

You collected 174 gold pieces.

Inventory:

Hand Weapons
 a - a +0 trident (weapon)
Missiles
 h - 57 stones (quivered)
 p - a boomerang
 q - 6 poisoned darts
Armour
 b - a +0 scale mail (worn)
 c - a +0 buckler (worn)
Jewellery
 m - an amulet of regeneration (around neck)
Wands
 k - a wand of iceblast (3)
 r - a wand of flame (21)
Scrolls
 f - a scroll of poison
 g - a scroll of immolation
 o - a scroll of blinking
 v - a scroll of noise {unknown}
Potions
 d - a potion of might
 e - a potion of ambrosia
 i - a potion of heal wounds {unknown}
 j - 3 potions of mutation {unknown}
 l - 3 potions of curing {unknown}
 n - a potion of berserk rage {unknown}
 s - a potion of lignification {unknown}
 t - 2 potions of flight {unknown}
 u - a potion of invisibility {unknown}


   Skills:
 * Level 4.5 Fighting
 * Level 5.1 Polearms
 * Level 5.4 Armour
 * Level 1.9 Dodging
 * Level 4.8 Shields


You had 5 spell levels left.
You didn't know any spells.
Your spell library contained the following spells:

 Spells                   Type           Power      Damage    Failure   Level
 Gell's Gravitas          Tloc           0%         N/A       99%         3
 Teleport Other           Tloc           0%         N/A       99%         3
 Airstrike                Air            0%         2d(0-16)  100%        4
 Lightning Bolt           Conj/Air       0%         1d11      100%        5
 Dispersal                Tloc           0%         N/A       100%        6
 Summon Small Mammal      Summ           Unusable   N/A       N/A         1
 Call Canine Familiar     Summ           Unusable   N/A       N/A         3
 Summon Guardian Golem    Hex/Summ       Unusable   N/A       N/A         3
 Summon Lightning Spire   Summ/Air       Unusable   N/A       N/A         4

Dungeon Overview and Level Annotations

Branches:
Dungeon (4/15)
 Temple: D:4-7

Altars:
Okawaru
Qazlal
Uskayaw

Shops:
D:3 *


Innate Abilities, Weirdness & Mutations

You have a pair of horns on your head.
You reflexively headbutt those who attack you in melee.


Message History

You reach to attack!
The gnoll sergeant blocks your attack.
The gnoll sergeant hits you from afar with a +0 spear!
You reach to attack!
You hit the gnoll sergeant but do no damage.
The gnoll sergeant barely misses you.
The gnoll sergeant hits you with a +0 spear!
There is an open door here.
You hit the gnoll sergeant but do no damage.
The gnoll sergeant closely misses you.
You hit the gnoll sergeant. You headbutt the gnoll sergeant!
The gnoll sergeant is moderately wounded.
The gnoll sergeant hits you with a +0 spear!
You hit the gnoll sergeant but do no damage.
The gnoll sergeant is moderately wounded.
The gnoll sergeant hits you with a +0 spear!
The gnoll sergeant blocks your attack.
The gnoll sergeant is moderately wounded.
The gnoll sergeant hits you with a +0 spear.
* * * LOW HITPOINT WARNING * * *
You hit the gnoll sergeant. You headbutt the gnoll sergeant.
The gnoll sergeant is heavily wounded.
The gnoll sergeant hits you with a +0 spear.
* * * LOW HITPOINT WARNING * * *
You hit the gnoll sergeant but do no damage.
The gnoll sergeant is heavily wounded.
The gnoll sergeant hits you with a +0 spear.
* * * LOW HITPOINT WARNING * * *
The gnoll sergeant barely misses you. The gnoll sergeant blocks your attack.
The gnoll sergeant is heavily wounded.
The gnoll sergeant hits you with a +0 spear!
* * * LOW HITPOINT WARNING * * *
You hit the gnoll sergeant but do no damage.
The gnoll sergeant is heavily wounded.
The gnoll sergeant hits you but does no damage.
The gnoll sergeant blocks your attack.
Your headbutt misses the gnoll sergeant.
The gnoll sergeant is heavily wounded.
The gnoll sergeant hits you with a +0 spear.
You die...

### #g. .
#g#..
#g#.###
#g#...
######@#.#
#...>....#
#........#
#.......##
......#'##
..#####.#
. #.# #.#
#.#


You could see a gnoll sergeant and 3 gnolls.

Vanquished Creatures
  An orc priest (D:4)
  Natasha (thrice) (D:3)
  2 orc wizards
  Robin (D:3)
  4 gnolls (D:4)
  2 adders (D:4)
  A worm (D:2)
  3 dart slugs
  8 orcs
  2 ball pythons
  2 bats
  8 endoplasms
  4 giant cockroaches
  14 goblins
  7 hobgoblins
  8 jackals
  8 kobolds
  4 quokkas
  4 frilled lizards
  6 rats
92 creatures vanquished.

Notes
Turn   | Place    | Note
-------+----------+-------------------------------------------
     0 | D:1      | Earthwalker the Minotaur Fighter began the quest for the
                  | Orb.
     0 | D:1      | Reached XP level 1. HP: 19/19 MP: 0/0
   283 | D:1      | Reached XP level 2. HP: 27/27 MP: 1/1
   346 | D:1      | Found a faded altar of an unknown god.
   875 | D:1      | Reached XP level 3. HP: 33/33 MP: 2/2
  2285 | D:3      | Found Fegaigoch's Assorted Antiques.
  2364 | D:3      | Reached XP level 4. HP: 24/40 MP: 3/3
  2541 | D:3      | Noticed Robin
  2555 | D:3      | Reached skill level 1 in Dodging
  2570 | D:3      | Killed Robin
  2688 | D:3      | Found an iron altar of Okawaru.
  2698 | D:3      | Became a worshipper of Warmaster Okawaru
  2703 | D:3      | Found a hide-covered altar of Uskayaw.
  2707 | D:3      | Found a stormy altar of Qazlal.
  2955 | D:3      | Noticed Natasha
  2960 | D:3      | Killed Natasha
  2961 | D:3      | Reached XP level 5. HP: 46/46 MP: 4/4
  3036 | D:3      | Noticed Natasha
  3042 | D:3      | Killed Natasha
  3081 | D:3      | Noticed Natasha
  3088 | D:3      | Killed Natasha
  3089 | D:3      | Reached skill level 5 in Armour
  3487 | D:4      | Reached XP level 6. HP: 53/53 MP: 5/5
  3773 | D:4      | Reached skill level 5 in Polearms
  3804 | D:4      | You fall into a shaft and drop 3 floors!
  3894 | D:7      | HP: 1/53 [gnoll sergeant/+0 spear (10)]
  3896 | D:7      | Slain by a gnoll sergeant

Illustrated notes

Levels and vault maps discovered:
D:1:      minmay_arrival_radiant_lines, layout_loops_corners,
          nicolae_ecumenical_lake_church, grunt_decor_cap,
          chequers_serial_rivers_marsh, kennysheep_doodads
D:2:      layout_basic
D:3:      layout_basic, minmay_overflow_temple_star_quad, serial_shops,
          nicolae_shop_temple_entry_statues_fountains, uniq_natasha, uniq_robin
D:4:      layout_basic
D:7:      layout_basic, enter_ossuary_5, st_stairs_10

Skill      XL: |  1  2  3  4  5  6 |
---------------+-------------------+-----
Armour         | 4 5 |  5.4
Shields        | 4 |  4.8
Fighting       | 4 |  4.5
Polearms       | 3 4 5 |  5.1
Dodging        | 1 |  1.9

Action                   |  1- 3 |  4- 6 || total
-------------------------+-------+-------++-------
Melee: Trident           |   121 |   144 ||   265
       Headbutt          |    12 |    17 ||    29
  Use: Scroll            |       |     5 ||     5
Armor: Scale mail        |    40 |    70 ||   110
Dodge: Dodged            |    34 |    55 ||    89
Block: Buckler           |    17 |    26 ||    43
